 Dungeon Crawl Stone Soup version 0.25-a0-353-ged6d54792d (webtiles) character file.

Game seed: 7233121328587488683, levelgen mode: deterministic

73 mopl the Insei (level 4, -1/25 HPs)
             Began as a Kobold Transmuter on Jan 2, 2020.
             Slain by a gnoll (2 damage)
             ... on level 2 of the Dungeon.
             The game lasted 00:03:14 (1582 turns).

mopl the Insei (Kobold Transmuter)                  Turns: 1582, Time: 00:03:15

Health: -1/25      AC:  2    Str:  8    XL:     4   Next: 51%
Magic:  1/8        EV: 20    Int: 14    God:
Gold:   46         SH:  4    Dex: 20    Spells: 3/9 levels left

rFire    . . .     SeeInvis .     - Unarmed
rCold    . . .     Gourm    .   (shield currently unavailable)
rNeg     . . .     Faith    .   (armour currently unavailable)
rPois    x         Spirit   .   (helmet currently unavailable)
rElec    .         Reflect  +   (cloak currently unavailable)
rCorr    .         Harm     .   (gloves currently unavailable)
MR       .....                  (boots currently unavailable)
Stlth    ++........             j - +4 amulet of reflection
HPRegen  0.08/turn              (no ring)
MPRegen  0.11/turn              (no ring)

@: spider-form (expiring), very slightly contaminated, hasted, very quick
A: tiny, carnivore
a: End Transformation


You were on level 2 of the Dungeon.
You were completely stuffed.
You were a venomous arachnid creature.
You visited 1 branch of the dungeon, and saw 2 of its levels.

You collected 46 gold pieces.

Inventory:

Hand Weapons
 b - a +0 hunting sling (melded)
Missiles
 a - 34 arrows
 g - 16 sling bullets
 i - 15 stones (quivered)
Armour
 f - a +0 robe (melded)
Jewellery
 j - a +4 amulet of reflection (around neck)
Scrolls
 k - a scroll of random uselessness {unknown}
 m - a scroll of remove curse
 n - a scroll of enchant armour {unknown}
 o - a scroll of amnesia {unknown}
Potions
 c - 2 potions of haste
 e - a potion of berserk rage {unknown}
 l - a potion of heal wounds {unknown}
Comestibles
 d - 3 rations
 h - a chunk of flesh


   Skills:
 - Level 1.1 Fighting
 - Level 2.4 Dodging
 + Level 3.6 Unarmed Combat
 + Level 3.0 Spellcasting
 + Level 2.9 Transmutations
 - Level 1.0 Poison Magic


You had 3 spell levels left.
You knew the following spells:

 Your Spells              Type           Power        Failure   Level  Hunger
a - Beastly Appendage     Tmut           ##....       17%         1    #......
b - Spider Form           Tmut/Pois      #.........   50%         3    ###....
w - Sticks to Snakes      Tmut           ##......     24%         2    ##.....

Your spell library contained the following spells:

 Spells                   Type           Power        Failure   Level  Hunger
 Ice Form                 Ice/Tmut       #.......     89%         4    #####..
 Blade Hands              Tmut           ##........   96%         5    ######.


Dungeon Overview and Level Annotations

Branches:
Dungeon (2/15)

Altars:


Innate Abilities, Weirdness & Mutations

You are small and have problems with some larger weapons.
You are carnivorous and can eat meat at any time.


Message History

Your +0 robe melds into your body.
The gnoll shouts!
A bat comes into view.
The gnoll completely misses you. The gnoll hits you with a +0 club!
* * * LOW HITPOINT WARNING * * *
Unknown command.
It was a potion of haste.
You feel yourself speed up. You block the gnoll's attack.
The gnoll closely misses you.
You hit the gnoll.
The gnoll is poisoned.
The gnoll is almost dead.
You hit the gnoll but do no damage.
You kill the gnoll!
The gnoll misses you.
You hit the gnoll.
The gnoll is poisoned.
The gnoll is heavily wounded.
You bite the gnoll!
The gnoll is heavily wounded.
Your transformation is almost over.
The gnoll misses you. The gnoll hits you.
You die...

#... ...# #..# ### #
#[.# #.. #. #..# #.#
#K########..####.# #
#.(.>.........##.#
##.###g#............#
#.bgsg).(#.##.......†
#..###.###.###.######
#. ### ### #.# #. #
#.# #. ..# .. ####.#
#.# #.# #.#


You could see 3 gnolls and a bat.

Vanquished Creatures
  A gnoll (D:2)
  2 adders (D:2)
  A worm (D:2)
  A leopard gecko (D:1)
  A ball python (D:2)
  2 bats (D:1)
  A giant cockroach (D:2)
  9 hobgoblins
  2 jackals (D:2)
  6 kobolds
  A quokka (D:2)
  2 frilled lizards (D:2)
  5 goblins (D:1)
  2 rats
36 creatures vanquished.

Notes
Turn   | Place    | Note
-------+----------+-------------------------------------------
     0 | D:1      | mopl the Kobold Transmuter began the quest for the Orb.
     0 | D:1      | Reached XP level 1. HP: 12/12 MP: 3/3
   577 | D:1      | Reached XP level 2. HP: 14/16 MP: 3/5
   584 | D:1      | Learned a level 2 spell: Sticks to Snakes
   966 | D:1      | Reached XP level 3. HP: 17/20 MP: 6/6
   971 | D:1      | Learned a level 3 spell: Spider Form
  1527 | D:2      | Reached XP level 4. HP: 22/25 MP: 4/8
  1542 | D:2      | Reached skill level 1 in Poison Magic
  1573 | D:2      | Reached skill level 3 in Spellcasting
  1577 | D:2      | HP: 1/25 [gnoll/+0 club (8)]
  1582 | D:2      | Slain by a gnoll

Levels and vault maps discovered:
D:1:      dpeg_arrival_pits, layout_loops_ring
D:2:      layout_loops_ring, yredelemnul_forgotten_temple_becter, first_ration,
          corexii_leaking_fountain, uniq_natasha, uniq_terence, uniq_sigmund

Skill      XL: |  1  2  3  4 |
---------------+-------------+-----
Poison Magic   | 1 |  1.0
Spellcasting   | 3 |  3.0
Fighting       | |  1.1
Dodging        | |  2.4
Unarmed Combat | |  3.6
Transmutations | |  2.9

Action                   |  1- 3 |  4- 6 || total
-------------------------+-------+-------++-------
Melee: Unarmed           |    59 |    11 ||    70
       Kick              |     3 |       ||     3
       Headbutt          |     5 |       ||     5
 Fire: Hunting sling     |    70 |     9 ||    79
Throw: Stone             |     2 |       ||     2
 Cast: Beastly Appendage |     9 |       ||     9
       Spider Form       |     4 |     2 ||     6
 Abil: End Transformatio |     1 |       ||     1
  Use: Scroll            |       |     1 ||     1
       Potion            |       |     1 ||     1
  Eat: Chunk             |    11 |       ||    11
Armor: Robe              |     8 |     1 ||     9
       Skin              |     1 |     1 ||     2
Dodge: Dodged            |    53 |    16 ||    69
Block: Other             |     9 |     2 ||    11
       Reflection        |     1 |       ||     1

Table legend:
 A = Non-vault XP
 B = Vault XP
 C = Vault XP percentage of total XP
 D = Non-vault monster count
 E = Vault monster count
 F = Vault count percentage of total count
                 A         B        C        D         E       F
            +---------+---------+-------+---------+---------+-------
      Total |     105 |       0 |   0.0 |      36 |       0 |   0.0
            +---------+---------+-------+---------+---------+-------
        D:1 |      32 |       0 |   0.0 |      17 |       0 |   0.0
        D:2 |      73 |       0 |   0.0 |      19 |       0 |   0.0
            +---------+---------+-------+---------+---------+-------
